 Dungeon Crawl Stone Soup version 0.23.1 (webtiles) character file.

Game seed: 0

47 PentaManta the Shield-Bearer (level 3, 0/30 HPs)
             Began as a Formicid Fighter on Mar 10, 2019.
             Slain by a scorpion (2 damage)
             ... on level 3 of the Dungeon.
             The game lasted 00:03:57 (1696 turns).

PentaManta the Shield-Bearer (Formicid Fighter)     Turns: 1696, Time: 00:03:57

Health: 0/30       AC:  6    Str: 21    XL:     3   Next: 97%
Magic:  3/3        EV:  9    Int:  7    God:
Gold:   28         SH:  0    Dex: 10    Spells: 2/2 levels left

rFire    . . .     SeeInvis +   a - +0 war axe
rCold    . . .     Gourm    .   (no shield)
rNeg     . . .     Faith    .   b - +0 scale mail
rPois    .         Spirit   .   (helmet unavailable)
rElec    .         Reflect  .   (no cloak)
rCorr    .         Harm     .   (no gloves)
MR       .....                  (no boots)
Stlth    ..........             (no amulet)
HPRegen  0.10/turn              (no ring)
MPRegen  0.08/turn              (no ring)

@: lethally poisoned (0 -> -22)
A: permanent stasis, dig shafts and tunnels, four strong arms, antennae 3
a: Dig, Shaft Self


You were on level 3 of the Dungeon.
You were not hungry.

You visited 1 branch of the dungeon, and saw 3 of its levels.

You collected 28 gold pieces.

Inventory:

Hand Weapons
 a - a +0 war axe (weapon)
Missiles
 o - 7 tomahawks (quivered)
Armour
 b - a +0 scale mail (worn)
 c - a +0 shield
Jewellery
 j - an uncursed ring of flight {unknown}
 l - an uncursed amulet of the gourmand {unknown}
Wands
 q - a wand of random effects (17)
Scrolls
 e - 3 scrolls of identify {unknown}
 g - a scroll of magic mapping {unknown}
 h - a scroll of enchant armour {unknown}
 i - 3 scrolls of remove curse {unknown}
 m - a scroll of fear {unknown}
 r - a scroll of amnesia {unknown}
Potions
 d - a potion of might
 k - a potion of heal wounds {unknown}
 n - a potion of brilliance {unknown}
 p - a potion of berserk rage {unknown}
Comestibles
 f - 3 rations


   Skills:
 + Level 3.8 Fighting
 + Level 2.5 Axes
 - Level 3.2 Armour
 * Level 4.6 Shields


You had 2 spell levels left.
You didn't know any spells.
Your spell library was empty.

Dungeon Overview and Level Annotations

Branches:
Dungeon (3/15)

Altars:
Yredelemnul


Innate Abilities, Weirdness & Mutations

You cannot be hasted, slowed, berserked, paralysed or teleported.
You can dig through walls and to a lower floor.
Your four strong arms can wield two-handed weapons with a shield.
You have a pair of large antennae on your head. (SInv)


Message History

You are poisoned.
The scorpion poisons you!
You hit the scorpion but do no damage.
You feel sick. The scorpion barely misses you.
You barely miss the scorpion.
You feel sick. The scorpion stings you.
You barely miss the scorpion.
You feel sick. The scorpion stings you.
You are lethally poisoned!
The scorpion poisons you! The scorpion stings you.
You hit the scorpion.
The scorpion is moderately wounded.
You feel sick. The scorpion stings you!
* * * LOW HITPOINT WARNING * * *
You are more poisoned.
The scorpion poisons you!
You hit the scorpion.
The scorpion is severely wounded.
* * * LOW HITPOINT WARNING * * *
You feel very sick. The scorpion barely misses you. The scorpion stings you.
You die...

..# #.# #.# #.# ## #.#
####... #.# ....... #
#.# .......
#.#########.###s......
..............@.......
......................
##....<..#.###....>..
#.#.....#.# .......
#.....#.# .......
#####.#.# ###....
#.#.# .... #.#.# ...
).#.#


You could see a scorpion.

Vanquished Creatures
  An adder (D:2)
  An ooze (D:1)
  4 giant cockroaches
  8 goblins
  A hobgoblin (D:2)
  6 kobolds
  A ball python (D:1)
  5 bats
  2 frilled lizards
  5 rats (D:1)
34 creatures vanquished.

Notes
Turn   | Place    | Note
-------+----------+-------------------------------------------
     0 | D:1      | PentaManta the Formicid Fighter began the quest for the
                  | Orb.
     0 | D:1      | Reached XP level 1. HP: 18/18 MP: 1/1
   107 | D:1      | Reached XP level 2. HP: 23/24 MP: 2/2
   110 | D:1      | Reached skill level 4 in Shields
   179 | D:1      | Reached XP level 3. HP: 29/29 MP: 3/3
  1264 | D:2      | Noticed a human
  1265 | D:2      | Found a runed translucent door.
  1269 | D:2      | Found a basalt altar of Yredelemnul.
  1690 | D:3      | Noticed a scorpion
  1696 | D:3      | Slain by a scorpion

Skill      XL: |  1  2 |
---------------+-------+-----
Shields        | 4 |  4.6
Fighting       | |  3.8
Axes           | |  2.5
Armour         | |  3.2

Action                   || total
-------------------------++-------
Melee: War axe           ||    93
  Eat: Ration            ||     1
Armor: Scale mail        ||    59
Dodge: Dodged            ||    67
